 Dungeon Crawl Stone Soup version 0.28-a0-1389-gc726bef33b (webtiles) character file.

Game seed: 4321525926876671682

50 avis the Chopper (level 3, -15/33 HPs)
             Began as a Hill Orc Fighter on Jan 4, 2022.
             Demolished by an ogre (31 damage)
             ... on level 3 of the Dungeon.
             The game lasted 00:06:07 (1949 turns).

avis the Chopper (Hill Orc Fighter)                 Turns: 1949, Time: 00:06:07

Health: -15/33     AC: 10    Str: 20    XL:     3   Next: 79%
Magic:  3/3        EV:  9    Int:  8    God:
Gold:   105        SH:  4    Dex: 10    Spells: 2/2 levels left

rFire   . . .      SeeInvis .   a - +0 war axe
rCold   . . .      Faith    .   c - +0 buckler
rNeg    . . .      Spirit   .   b - +0 scale mail
rPois   .          Reflect  .   (no helmet)
rElec   .          Harm     .   (no cloak)
rCorr   .          Rampage  .   (no gloves)
Will    .....                   (no boots)
Stlth   ..........              (no amulet)
HPRegen 0.11/turn               s - +4 ring of protection
MPRegen 0.08/turn               (no ring)

@: no status effects
A: no striking features
a: no special abilities


You were on level 3 of the Dungeon.
You visited 1 branch of the dungeon, and saw 3 of its levels.

You collected 105 gold pieces.

Inventory:

Hand Weapons
 a - a +0 war axe (weapon)
 l - a +0 spear
Missiles
 g - 68 stones
 i - 25 arrows
 p - 4 boomerangs
 q - a datura-tipped dart (quivered)
 r - 27 sling bullets
Armour
 b - a +0 scale mail (worn)
 c - a +0 buckler (worn)
 e - a +0 ring mail
Jewellery
 k - an amulet of faith
 s - a +4 ring of protection (left hand)
 t - a ring of protection from cold
Scrolls
 f - a scroll of identify {unknown}
 j - a scroll of noise {unknown}
 o - a scroll of vulnerability {unknown}
Potions
 d - 2 potions of might
 h - a potion of haste {unknown}
 m - 3 potions of ambrosia {unknown}
 n - a potion of curing {unknown}


   Skills:
 + Level 3.9 Fighting
 * Level 5.1 Axes
 - Level 3.2 Armour
 - Level 3.2 Shields


You had 2 spell levels left.
You didn't know any spells.
Your spell library was empty.

Dungeon Overview and Level Annotations

Branches:
Dungeon (3/15)

Altars:


Message History

You climb upwards.
There is a stone staircase leading down here.
HP restored.
There is an escape hatch in the ceiling here.
A mysterious force pulls you upwards. The hatch slams shut behind you.
You see here a +0 dagger.
There is a stone staircase leading down here.
You climb downwards.
There is a stone staircase leading up here.
There is an escape hatch in the floor here.
You slide downwards.
The hatch slams shut behind you.
The ogre shouts!
Throw: 3 darts (datura)
Press: ? - help, Q - select action, (/) - cycle Shift-Dir - straight line, f - ogre
Aim: an ogre, wielding a +0 giant club (72% to hit, chance to frenzy on hit: 27%)
You throw a datura-tipped dart. The datura-tipped dart hits the ogre.
The ogre flies into a frenzy!
Throw: 2 darts (datura)
Press: ? - help, Q - select action, (/) - cycle Shift-Dir - straight line, f/p - ogre
Aim: an ogre, wielding a +0 giant club (fast, strong, frenzied and insane, 72% to hit, immune)
You throw a datura-tipped dart. The datura-tipped dart hits the ogre.
You hear an angry hiss.
Press: ? - help, v - describe, . - travel
Here: an ogre, wielding a +0 giant club (fast, strong, frenzied and insane)
The floor.
You barely miss the ogre. The ogre hits you with a +0 giant club!
Ouch! That really hurt!
You hit the ogre.
The ogre is lightly wounded.
You block the ogre's attack. The ogre barely misses you.
You hit the ogre.
The ogre is lightly wounded.
An adder comes into view.
The ogre closely misses you.
You slash the ogre!
The ogre is severely wounded.
The ogre closely misses you.
The ogre hits you with a +0 giant club!!
Ouch! That really hurt!
You die...

#. #.......#
#. ######.##
... ... #..
#.. ##..
##.# ...
#.####.S..##
#..
#...@O.((...
##..
########..##
#####<..
#.....#.
...........
####.##.##.
# #.# . #.#
. #.# . #.#


You could see an adder and a neutral ogre (fast, strong, insane).

Vanquished Creatures
  An adder (D:2)
  A dart slug (D:1)
  2 bats
  3 endoplasms
  5 goblins
  4 hobgoblins
  5 quokkas
  6 ball pythons
  2 kobolds (D:1)
  8 rats
37 creatures vanquished.

Notes
Turn   | Place    | Note
-------+----------+-------------------------------------------
     0 | D:1      | avis the Hill Orc Fighter began the quest for the Orb.
     0 | D:1      | Reached XP level 1. HP: 19/19 MP: 1/1
    29 | D:1      | Reached skill level 3 in Axes
   144 | D:1      | Reached XP level 2. HP: 13/26 MP: 2/2
   409 | D:1      | Found a faded altar of an unknown god.
   437 | D:1      | Reached skill level 4 in Axes
   831 | D:1      | Reached XP level 3. HP: 31/31 MP: 3/3
  1582 | D:2      | Reached skill level 5 in Axes
  1943 | D:3      | Noticed an ogre
  1949 | D:3      | Demolished by an ogre

Illustrated notes

Levels and vault maps discovered:
D:1:      dpeg_chamrin_arrival_tetris, layout_basic,
          hellmonk_ecumenical_altar_arch_garden
D:2:      layout_rooms, corner_web_ring, fountainhead
D:3:      layout_loops_ring, uniq_jessica

Skill      XL: |  1  2  3 |
---------------+----------+-----
Axes           | 3 4 5 |  5.1
Fighting       | |  3.9
Armour         | |  3.2
Shields        | |  3.2

Action                   || total
-------------------------++-------
Melee: War axe           ||    92
Throw: Boomerang         ||    19
       Dart              ||     2
Armor: Scale mail        ||    34
Dodge: Dodged            ||    38
Block: Buckler           ||    18

Table legend: (Time is in decaauts)
 A = Elapsed time spent in this place.
 B = Non-inter-level travel time spent in this place.
 C = Inter-level travel time spent in this place.
 D = Time resting spent in this place.
 E = Time spent auto-exploring this place.
 F = Levels seen in this place.
 G = Mean time per level.
                   A        B        C        D        E       F      G
               +--------+--------+--------+--------+--------+-----+--------+
         Total |   1988 |   1628 |    360 |    372 |    816 |   3 |  662.7 |
       Dungeon |   1988 |   1628 |    360 |    372 |    816 |   3 |  662.7 |
               +--------+--------+--------+--------+--------+-----+--------+

Top non-repeatable levels by time:
     D:1: 1212 daAuts
     D:2: 755 daAuts
     D:3: 20 daAuts
